 Dungeon Crawl Stone Soup version 0.27.1-16-g815e20cd7a (webtiles) character file.

Game seed: 3539751466731091568

12 TheCrusader the Chopper (level 2, -1/27 HPs)
             Began as a Hill Orc Monk on Nov 24, 2021.
             Slain by an ogre (16 damage)
             ... on level 5 of the Dungeon.
             The game lasted 00:02:45 (499 turns).

TheCrusader the Chopper (Hill Orc Monk)              Turns: 499, Time: 00:02:46

Health: -1/27      AC:  4    Str: 13    XL:     2   Next: 33%
Magic:  11/11      EV: 12    Int: 10    God:
Gold:   2          SH:  0    Dex: 13    Spells: 1/1 levels left

rFire    + . .     SeeInvis .   a - +0 hand axe
rCold    + . .     Faith    .   (no shield)
rNeg     . . .     Spirit   .   d - +2 robe {rC+ rF+}
rPois    .         Reflect  .   (no helmet)
rElec    .         Harm     .   (no cloak)
rCorr    .         Rampage  .   (no gloves)
Will     .....                  (no boots)
Stlth    ++........             (no amulet)
HPRegen  0.09/turn              e - ring of magical power
MPRegen  0.12/turn              (no ring)

@: no status effects
A: no striking features
a: no special abilities


You were on level 5 of the Dungeon.
You visited 1 branch of the dungeon, and saw 5 of its levels.

You collected 2 gold pieces.

Inventory:

Hand Weapons
 a - a +0 hand axe (weapon)
Armour
 b - a +0 robe
 c - a +0 chain mail
 d - a +2 robe of resistance (worn)
Jewellery
 e - a ring of magical power (left hand)


   Skills:
 + Level 4.0 Fighting
 - Level 4.0 Axes
 + Level 2.6 Dodging
 * Level 1.8 Stealth


You had one spell level left.
You didn't know any spells.
Your spell library was empty.

Dungeon Overview and Level Annotations

Branches:
Dungeon (5/15)
 Temple: D:4-7

Altars:


Message History

* * * LOW HITPOINT WARNING * * *
You feel sick.
* * * LOW HITPOINT WARNING * * *
You feel sick.
You are no longer poisoned.
There is an open door here.
Things that are here:
a +0 mace; an orc corpse; an adder corpse You start resting.
Magic restored.
You start resting.
HP restored.
There is an escape hatch in the floor here.
You slide downwards.
The hatch slams shut behind you.
The ogre shouts!
You hear a shout! x4
Found a puce potion and a short sword.
You can't go up here!
You can't go down here!
A gnoll comes into view. It is wielding a +0 whip. x2
You see here a puce potion.
Found a stone staircase leading up.
The ogre misses you.
Found 22 sling bullets.
Found 11 gold pieces.
A gnoll comes into view. It is wielding a +0 club.
Found a book of the Senses.
The gnoll shouts!
A gnoll comes into view. It is wielding a +0 spear.
The gnoll hits you with a +0 club.
Found a scroll labelled DUNO CEYCAM.
Found a stone staircase leading down.
There is a stone staircase leading up here.
The gnoll hits you with a +0 whip. The gnoll hits you with a +0 club.
You climb upwards.
Found a scroll labelled DUNO CEYCAM.
Found a stone staircase leading down.
There is a stone staircase leading down here.
The gnoll barely misses you. x2
You climb downwards.
The hound zombie closely misses you. The ogre hits you with a +0 giant club!
Ouch! That really hurt!
You die...

##............. ..
.....$......... ###.#
#...............#....##
#............ .#......##
#..........# #.....)..#
...........# #........#
#.....(g...####........#
#?..:..@...g...!.....#.#
>.....OZg..####........#
#..........# ##.........
...........# #........##
........g..# #.#.....##
...............##...##
#.#.........### #####
#.###.###..## .


You could see an ogre, 4 gnolls and a hound zombie.

Vanquished Creatures
  An adder (D:4)
  An orc (D:4)
  A ball python (D:4)
  A bat (D:2)
4 creatures vanquished.

Notes
Turn   | Place    | Note
-------+----------+-------------------------------------------
     0 | D:1      | TheCrusader the Hill Orc Monk began the quest for the Orb.
     0 | D:1      | Reached XP level 1. HP: 19/19 MP: 1/1
   196 | D:4      | Reached XP level 2. HP: 3/27 MP: 2/2
   197 | D:4      | HP: 1/27 [poisoned by an adder]
   484 | D:5      | Entered Level 5 of the Dungeon
   484 | D:5      | Noticed an ogre
   499 | D:5      | Slain by an ogre

Illustrated notes

Levels and vault maps discovered:
D:1:      evilmike_arrival_hilbert_curve, layout_basic,
          shapermc_ecumenical_altar_flowoftime
D:2:      layout_loops_ring, minmay_rat_gold_closets, uniq_robin, uniq_jessica
D:3:      layout_basic, mainiacjoe_overflow_brackets, lightli_temple_of_fire,
          xom_redecorated
D:4:      layout_loops_corners, serial_glass, glass_columns_b, glass_columns_a,
          glass_columns_b, glass_columns_c, glass_columns_b, glass_columns_a,
          glass_columns_a, glass_columns_a, glass_columns_b, glass_columns_b,
          uniq_crazy_yiuf_cottage
D:5:      layout_rooms, mainiacjoe_overflow_alcove_1,
          nicolae_tso_carved_into_rock, minmay_temple_entry_mini_moons

Skill      XL: |  1 |
---------------+----+-----
Fighting       | 4 |  4.0
Axes           | |  4.0
Dodging        | |  2.6
Stealth        | |  1.8

Action                   || total
-------------------------++-------
Melee: Hand axe          ||    12
Armor: Robe              ||     4
Dodge: Dodged            ||    14
